 Dungeon Crawl Stone Soup version 0.31.0-32-g396128a36d (webtiles) character file.

Game seed: 3341188329761211048

2016 AdnanSaban the Cudgeller (level 9, -9/55 HPs)
             Began as a Gargoyle Fighter on Apr 16, 2024.
             Mangled by a two-headed ogre
             ... wielding a +0 giant spiked club
              (22 damage)
             ... on level 6 of the Dungeon.
             The game lasted 00:06:59 (5602 turns).

AdnanSaban the Cudgeller (Gargoyle Fighter)         Turns: 5602, Time: 00:07:00

Health: -9/55      AC: 15    Str: 24    XL:     9   Next: 22%
Magic:  9/9        EV: 15    Int:  9    God:
Gold:   302        SH:  5    Dex:  9    Spells: 8/8 levels left

rFire   + . .        a - +0 flail
rCold   . . .        c - +0 buckler
rNeg    + . .        b - +0 scale mail
rPois   ∞            (no helmet)
rElec   +            l - +0 cloak
rCorr   .            (no gloves)
SInv    .            (no boots)
Will    .....        w - amulet of regeneration Stlth
                     m - +5 ring of evasion
HPRegen 1.09/turn    y - ring of protection from fire
MPRegen 0.11/turn

%: no passive effects
@: studying Ranged Weapons
A: sickness immunity, AC +6, negative energy resistance 1, electricity
resistance, torment resistance 1, petrification resistance
a: no special abilities


You were on level 6 of the Dungeon.
You visited 1 branch of the dungeon, and saw 7 of its levels.

You collected 302 gold pieces.

Inventory:

Hand Weapons
 a - a +0 flail (weapon)
Missiles
 u - 7 boomerangs
Armour
 b - a +0 scale mail (worn)
 c - a +0 buckler (worn)
 l - a +0 cloak (worn)
Jewellery
 m - a +5 ring of evasion (left hand)
 w - an amulet of regeneration (around neck)
 y - a ring of protection from fire (right hand)
Wands
 n - a wand of mindburst (34)
 o - a wand of flame (20)
Scrolls
 e - a scroll of blinking {unknown}
 f - 2 scrolls of amnesia {unknown}
 h - a scroll of enchant armour {unknown}
 i - 3 scrolls of identify {unknown}
 k - 3 scrolls of enchant weapon {unknown}
 p - 5 scrolls of teleportation {unknown}
 s - a scroll of revelation {unknown}
 x - a scroll of poison {unknown}
Potions
 d - 3 potions of might
 g - 3 potions of degeneration {unknown}
 j - 4 potions of resistance {unknown}
 r - a potion of brilliance {unknown}
 t - 2 potions of heal wounds {unknown}
 v - a potion of lignification {unknown}


   Skills:
 + Level 5.8 Fighting
 + Level 7.9 Maces & Flails
 + Level 1.5 Throwing
 + Level 5.7 Armour
 + Level 3.2 Dodging
 + Level 1.2 Stealth
 + Level 5.7 Shields


You had 8 spell levels left.
You didn't know any spells.
Your spell library contained the following spells:

 Spells                   Type           Power      Damage    Failure   Level
 Foxfire                  Conj/Fire      0%         2x1d4     73%         1
 Sandblast                Erth           0%         2d4       73%         1
 Passwall                 Erth           0%         N/A       97%         3
 Stone Arrow              Conj/Erth      0%         3d7       97%         3
 Brom's Barrelling Bould  Conj/Erth      0%         2d3       100%        4
 Passage of Golubria      Tloc           0%         N/A       100%        4
 Silence                  Hex/Air        0%         N/A       100%        5
 Plasma Beam              Fire/Air       0%         2x1d10    100%        6
 Starburst                Conj/Fire      0%         6d3       100%        6
 Lehudib's Crystal Spear  Conj/Erth      0%         10d2      100%        8


Dungeon Overview and Level Annotations

Branches:
Dungeon (7/15)
 Temple: D:4-7

Altars:
Ashenzari
Cheibriados
Qazlal
Ru
Uskayaw
Wu Jian
Yredelemnul

Shops:
D:2 [   D:6 (?!:

Annotations:
D:3 2 transporters, SomethingFishy's ghost, amateur TrSh
D:6 1 runed translucent door


Innate Abilities, Weirdness & Mutations

You are immune to sickness and miasma.
Your stone body is resilient. (AC +6)
You are immune to poison.
You resist negative energy. (rN+)
You are resistant to electric shocks. (rElec)
You are resistant to unholy torment.
You are immune to petrification.


Message History

The two-headed ogre shouts in stereo!
A two-headed ogre is nearby!
A two-headed ogre is nearby!
A two-headed ogre is nearby!
You throw a poisoned dart.
The poisoned dart closely misses the two-headed ogre.
You throw a poisoned dart.
The poisoned dart barely misses the two-headed ogre.
You throw a poisoned dart.
The poisoned dart hits the two-headed ogre.
The two-headed ogre is poisoned.
You throw a poisoned dart.
The poisoned dart hits the two-headed ogre.
The two-headed ogre looks even sicker.
The two-headed ogre is lightly wounded.
You throw an atropa-tipped dart.
The atropa-tipped dart hits the two-headed ogre.
The two-headed ogre resists.
The two-headed ogre is lightly wounded.
You throw an atropa-tipped dart.
The atropa-tipped dart barely misses the two-headed ogre.
You thump the two-headed ogre!
The two-headed ogre is heavily wounded.
The two-headed ogre misses you. The two-headed ogre closely misses you.
You sock the two-headed ogre!
The two-headed ogre is heavily wounded.
The two-headed ogre hits you with a +0 giant spiked club!
The two-headed ogre hits you with a +0 giant club!
You hit the two-headed ogre but do no damage.
The two-headed ogre is heavily wounded.
The two-headed ogre hits you with a +0 giant spiked club!
The two-headed ogre hits you with a +0 giant club!
* * * LOW HITPOINT WARNING * * *
You sock the two-headed ogre!
The two-headed ogre is severely wounded.
You hit the two-headed ogre.
The two-headed ogre is almost dead.
You block the two-headed ogre's attack.
The two-headed ogre hits you with a +0 giant club!!
You die...

#.............#...#..........##
#............##....#...........
#............##............<..#
###..##........#.........(.....'
#..............#...............#
##..###....###......)((.........
##....#...>.##...................
#.##....#..###.[.................
...####.##.# ##)@O(....(..###....
...####.##)####.........#.# #...^
...........)....#.......#...#....
......##..#...#.#.#............##
#.....#...###.###.#..#.........#
#....##......<.#...............#
#.....##+##....##..............##
#.....#.~.###...............##.#.
......#.~.#......####.......##.#.


You could see a two-headed ogre (poisoned).

Vanquished Creatures
  Grinder (D:5)
  Sigmund (D:2)
  A wyvern (D:5)
  A steam dragon (D:6)
  A water moccasin (D:5)
  An orc warrior (D:6)
  4 ogres
  A centaur (D:3)
  2 scorpions (D:5)
  2 bombardier beetles
  A jelly (D:5)
  An orc priest (D:6)
  A sleepcap (D:4)
  Natasha (twice) (D:2)
  3 iguanas
  3 orc wizards
  Ijyb (D:3)
  7 gnolls
  8 adders
  4 white imps
  4 dart slugs
  A ribbon worm (D:5)
  9 orcs
  6 ball pythons
  6 endoplasms
  4 goblins
  12 hobgoblins
  13 kobolds
  4 quokkas
  6 bats
  18 frilled lizards
  4 rats
133 creatures vanquished.

Vanquished Creatures (others)
  An orc (D:6)
1 creature vanquished.

Grand Total: 134 creatures vanquished

Notes
Turn   | Place    | Note
-------+----------+-------------------------------------------
     0 | D:1      | AdnanSaban the Gargoyle Fighter began the quest for the
                  | Orb.
     0 | D:1      | Reached XP level 1. HP: 14/14 MP: 1/1
   177 | D:1      | Reached XP level 2. HP: 19/19 MP: 2/2
   468 | D:1      | Reached XP level 3. HP: 24/24 MP: 3/3
  1015 | D:2      | Reached XP level 4. HP: 29/29 MP: 4/4
  1085 | D:2      | Identified the +5 hand axe of Darkness {vamp, *Noise rF+
                  | rN+ rCorr Int+3}
  1176 | D:2      | Noticed Sigmund
  1303 | D:3      | Found a faded altar of an unknown god.
  1348 | D:3      | Noticed a centaur
  1359 | D:3      | Killed a centaur
  1360 | D:3      | Reached skill level 3 in Maces & Flails
  1360 | D:3      | Reached skill level 1 in Dodging
  1360 | D:3      | Reached XP level 5. HP: 14/33 MP: 5/5
  1581 | D:3      | Found a snail-covered altar of Cheibriados.
  1648 | D:3      | Found a sacrificial altar of Ru.
  1650 | D:3      | Noticed Ijyb
  1684 | D:3      | Killed Ijyb
  2022 | D:3      | Identified the +2 trident of Beyond {venom, Str+4}
  2022 | D:3      | Identified the -2 kite shield "Daffutwa" {+Inv}
  2049 | D:3      | Found a transporter.
  2049 | D:3      | Found a transporter.
  2061 | D:3      | Noticed SomethingFishy's ghost (amateur TrSh)
  2195 | D:3      | Found a hide-covered altar of Uskayaw.
  2247 | D:3      | Reached XP level 6. HP: 38/38 MP: 6/6
  2386 | D:2      | Found Susiomeffo's Antique Armour Emporium.
  2459 | D:2      | Noticed Natasha
  2471 | D:2      | Killed Natasha
  2623 | D:2      | Killed Sigmund
  2624 | D:2      | Reached skill level 4 in Maces & Flails
  2767 | D:2      | Noticed Natasha
  2774 | D:2      | Killed Natasha
  2775 | D:2      | Reached XP level 7. HP: 35/44 MP: 7/7
  3576 | D:3      | Reached skill level 5 in Maces & Flails
  4036 | D:4      | Found an ornate altar of the Wu Jian Council.
  4036 | D:4      | Found a broken altar of Ashenzari.
  4044 | D:4      | Found a basalt altar of Yredelemnul.
  4046 | D:4      | Found a faded altar of an unknown god.
  4062 | D:4      | Found a faded altar of an unknown god.
  4124 | D:5      | Entered Level 5 of the Dungeon
  4243 | D:5      | Reached skill level 5 in Armour
  4359 | D:5      | Reached skill level 1 in Stealth
  4359 | D:5      | Reached XP level 8. HP: 39/48 MP: 8/8
  4450 | D:5      | Noticed Grinder
  4464 | D:5      | Paralysed by Grinder for 5 turns
  4470 | D:5      | Killed Grinder
  4471 | D:5      | Reached skill level 5 in Fighting
  4471 | D:5      | Reached skill level 6 in Maces & Flails
  4471 | D:5      | Reached skill level 5 in Shields
  4608 | D:5      | Reached skill level 1 in Throwing
  4759 | D:5      | Noticed a wyvern
  4765 | D:5      | Killed a wyvern
  4798 | D:5      | Reached skill level 7 in Maces & Flails
  4986 | D:5      | Reached XP level 9. HP: 28/54 MP: 9/9
  5040 | D:6      | Found Nuun's Magic Scroll Shoppe.
  5044 | D:6      | Found Pestumuob's Weapon Shoppe.
  5044 | D:6      | Found Nirchoqass's Distillery.
  5045 | D:6      | Found Bam Ypp's Book Shoppe.
  5066 | D:6      | Identified the +5 long sword of Lotopp {antimagic, Int+2}
  5149 | D:6      | Noticed a two-headed ogre
  5268 | D:6      | Found a runed translucent door.
  5520 | D:6      | Found a stormy altar of Qazlal.
  5602 | D:6      | Mangled by a two-headed ogre

Illustrated notes

Levels and vault maps discovered:
D:1:      dpeg_arrival_erosion, layout_loops_ring, skrybe_limestone_x,
          minmay_misc_feat_enclosed, minmay_lizard_king
D:2:      layout_basic, serial_shops, shop, uniq_natasha, uniq_sigmund
D:3:      layout_loops_ring, kennysheep_slug_shrine, nicolae_uskayaw_suspiria,
          nicolae_ru_great_annihilating_truth,
          shapermc_ecumenical_altar_notcrosses, gammafunk_ghost_gnarly_gnolls,
          uniq_ijyb
D:4:      layout_loops_cross, chequers_temple_overflow_minitemple
D:5:      layout_rooms, minmay_manual_moon, uniq_grinder
D:6:      layout_cave_pools, kennysheep_mini, ebering_ghost_reflecting_pool,
          minmay_shop_grid_forest
D:7:      layout_basic, zin_treasury, minmay_temple_entry_gardened_gates,
          serial_library_hellmonk_h_bend, guppyfry_early_elven_hall

Skill      XL: |  1  2  3  4  5  6  7  8 |
---------------+-------------------------+-----
Fighting       | 4 5 |  5.8
Maces & Flails | 3 4 5 7 |  7.9
Armour         | 4 5 |  5.7
Dodging        | 1 2 3 |  3.2
Shields        | 4 5 |  5.7
Stealth        | 1 |  1.2
Throwing       | 1 |  1.5

Action                     |  1- 3 |  4- 6 |  7- 9 || total
---------------------------+-------+-------+-------++-------
  Melee: Flail             |   170 |   172 |   395 ||   737
  Throw: Dart              |       |       |    30 ||    30
    Use: Potion            |       |       |     1 ||     1
   Stab: Invisible         |       |     1 |       ||     1
         Paralysed         |       |     1 |       ||     1
 Armour: Scale mail        |   137 |   147 |   187 ||   471
  Dodge: Dodged            |    95 |   147 |   284 ||   526
  Block: Buckler           |    40 |    48 |    78 ||   166
